 Dungeon Crawl Stone Soup version 0.20.0 (webtiles) character file.

86 Danakh the Chopper (level 4, -5/27 HPs)
             Began as a Tengu Warper on May 31, 2017.
             Slain by Terence
             ... wielding a +1 flail of draining
              (8 damage)
             ... on level 2 of the Dungeon.
             The game lasted 00:04:22 (1948 turns).

Danakh the Chopper (Tengu Warper)                   Turns: 1948, Time: 00:04:23

Health: -5/27      AC:  6    Str: 13    XL:     4   Next: 49%
Magic:  8/8        EV:  8    Int: 13    God:
Gold:   46         SH:  0    Dex: 13    Spells: 5/7 levels left

rFire    . . .     SeeInvis .   a - +0 hand axe
rCold    . . .     Gourm    .   (no shield)
rNeg     . . .     Faith    .   t - +0 scale mail
rPois    .         Spirit   .   (helmet restricted)
rElec    .         Reflect  .   (no cloak)
rCorr    .         Harm     .   (no gloves)
MR       .....                  (boots unavailable)
Stlth    ..........             (no amulet)
Regen    0.1/turn               (no ring)
MPRegen  0.2/turn               (no ring)

@: very heavily drained
A: beak, talons 3
a: no special abilities


You were on level 2 of the Dungeon.
You were hungry.

You visited 1 branch of the dungeon, and saw 2 of its levels.

You collected 46 gold pieces.

Inventory:

Hand Weapons
 a - a +0 hand axe (weapon)
Missiles
 e - 5 tomahawks of dispersal (quivered)
Armour
 b - a +0 leather armour
 t - a +0 scale mail (worn)
Scrolls
 d - a scroll of blinking
 h - 3 scrolls of remove curse {unknown}
 k - 6 scrolls of identify {unknown}
 m - a scroll of amnesia {unknown}
 p - a scroll of teleportation {unknown}
 r - a scroll of noise {unknown}
Potions
 g - 2 potions of curing
 j - a potion of cancellation {unknown}
 n - 3 potions of heal wounds {unknown}
 o - 2 potions of invisibility {unknown}
 s - a potion of berserk rage {unknown}
Books
 c - a book of Spatial Translocations

   Spells                             Type                      Level
   a - Blink                          Translocation                2
   b - Shroud of Golubria             Charms/Translocation         2
   c - Lesser Beckoning               Translocation                3
   d - Gell's Gravitas                Translocation                3
   e - Teleport Other                 Translocation                3
   f - Passage of Golubria            Translocation                4
Comestibles
 f - 2 bread rations
 i - 2 meat rations
 l - a fruit


   Skills:
 + Level 2.6(0.0) Fighting
 * Level 3.5(0.0) Axes
 - Level 1.0(0.0) Throwing
 + Level 2.3(0.0) Armour
 + Level 2.9(0.0) Dodging
 - Level 2.0(0.0) Spellcasting
 - Level 2.4(0.0) Translocations


You had 5 spell levels left.
You knew the following spells:

 Your Spells              Type           Power        Failure   Level  Hunger
b - Blink                 Tloc           N/A          93%         2    ###....


Dungeon Overview and Level Annotations

Branches:
Dungeon (2/15)

Altars:

Annotations:
D:2 Terence


Innate Abilities, Weirdness & Mutations

You have a beak for a mouth.
You have claws for feet.


Message History

Terence hits you with a flail of draining.
You feel drained. Terence hits you but does no damage.
You feel drained.
Your scale mail prevents you from hitting Terence.
Your kick misses Terence.
Terence is almost dead.
Terence closely misses you.
You are feeling hungry.
You barely miss Terence. You peck Terence, but do no damage.
Terence is almost dead.
Terence hits you with a flail of draining.
* * * LOW HITPOINT WARNING * * *
You feel drained.
* * * LOW HITPOINT WARNING * * *
You hit Terence but do no damage. Your kick misses Terence.
Terence is almost dead.
Terence barely misses you.
You barely miss Terence. You claw Terence, but do no damage.
Terence is almost dead.
Terence hits you with a flail of draining!
You die...

#.# ########...#.# #.#
#.<..# ##..#.# #.# #....#
#..#.# #r# #....# #..#.#
#.# ##'### ##.#.#
#.######## #.# #.#.#
#........# #.# #...#
########.#####.#######...#
####.##....@@.#.....#...#
#.............#.###.#...#
#.............#.#...#..>#
#....###........#.###.#.#
#...............#.###+#.#
###+#######.....#.......#
#....##)......#
#....##.......#
#######.......#


You could see Terence.

Vanquished Creatures
  A gnoll (D:1)
  2 adders (D:2)
  A worm (D:2)
  2 dart slugs
  2 leopard geckos (D:2)
  2 giant cockroaches
  8 goblins
  10 hobgoblins
  A jackal (D:2)
  6 bats
  A frilled lizard (D:2)
  4 kobolds (D:1)
  6 rats
46 creatures vanquished.

Notes
Turn   | Place    | Note
-------+----------+-------------------------------------------
     0 | D:1      | Danakh the Tengu Warper began the quest for the Orb.
     0 | D:1      | Reached XP level 1. HP: 12/12 MP: 4/4
   193 | D:1      | Reached XP level 2. HP: 11/17 MP: 6/6
   198 | D:1      | Learned a level 2 spell: Blink
   534 | D:1      | Reached XP level 3. HP: 14/22 MP: 7/7
  1070 | D:2      | Reached skill level 3 in Axes
  1333 | D:2      | Reached XP level 4. HP: 22/27 MP: 8/8
  1847 | D:2      | Noticed Terence
  1948 | D:2      | Slain by Terence

Skill      XL: |  1  2  3 |
---------------+----------+-----
Axes           | 3 |  3.5
Armour         | 2 |  2.3
Fighting       | |  2.6
Throwing       | |  1.0
Dodging        | |  2.9
Spellcasting   | |  2.0
Translocations | |  2.4

Action                   |  1- 3 |  4- 6 || total
-------------------------+-------+-------++-------
Melee: Hand axe          |   108 |    55 ||   163
       Kick              |    22 |    11 ||    33
       Peck              |    14 |    18 ||    32
  Use: Potion            |       |     2 ||     2
  Eat: Chunk             |     1 |     2 ||     3
Armor: Leather armour    |    10 |       ||    10
       Scale mail        |    37 |    27 ||    64
Dodge: Dodged            |    68 |    26 ||    94
